 Dungeon Crawl Stone Soup version 0.21-a0-143-g1ab7d47 (webtiles) character file.

8 Manul the Magician (level 2, -2/22 HPs)
             Began as a Mummy Wanderer on July 25, 2017.
             Slain by a hobgoblin (4 damage)
             ... on level 2 of the Dungeon.
             The game lasted 00:01:05 (718 turns).

Manul the Magician (Mummy Wanderer)                  Turns: 718, Time: 00:01:05

Health: -2/22      AC:  2    Str: 14    XL:     2   Next: 0%
Magic:  7/7        EV: 11    Int: 11    God:
Gold:   55         SH:  0    Dex: 12    Spells: 8/9 levels left

rFire    x . .     SeeInvis .   e - +0 club
rCold    + . .     Gourm    .   (no shield)
rNeg     + + +     Faith    .   d - +0 robe
rPois    ∞         Spirit   .   (no helmet)
rElec    .         Reflect  .   (no cloak)
rCorr    .         Harm     .   (no gloves)
MR       .....                  (no boots)
Stlth    ..........             (no amulet)
HPRegen  0.07/turn              h - ring of loudness (curse)
MPRegen  0.10/turn              g - ring of flight

@: heavily drained
A: no food or potions, fire vulnerability, cold resistance 1, negative energy
resistance 3, torment resistance, unbreathing
a: Evoke Flight


You were on level 2 of the Dungeon.
You were not hungry.

You visited 1 branch of the dungeon, and saw 2 of its levels.

You collected 55 gold pieces.

Inventory:

Hand Weapons
 e - a +0 club (weapon)
Armour
 d - a +0 robe (worn)
Jewellery
 g - a ring of flight (right hand)
 h - a cursed ring of loudness (left hand)
Wands
 a - a wand of confusion (15/48)
Scrolls
 c - a scroll of teleportation
 f - a scroll of immolation {unknown}
 i - a scroll of random uselessness {unknown}
Books
 b - the Disquisition on Creation

   Spells                             Type                      Level
   a - Summon Small Mammal            Summoning                    1
   b - Call Canine Familiar           Summoning                    3


   Skills:
 + Level 2.0(0.4) Fighting
 + Level 0.1(0.0) Maces & Flails
 + Level 1.0(0.0) Armour
 + Level 4.4(2.7) Spellcasting
   Level 1.0(0.0) Charms
   Level 1.0(0.0) Poison Magic
 + Level 1.6(0.0) Evocations


You had 8 spell levels left.
You knew the following spells:

 Your Spells              Type           Power        Failure   Level  Hunger
a - Summon Small Mammal   Summ           #...         26%         1    N/A

Dungeon Overview and Level Annotations

Branches:
Dungeon (2/15)

Altars:


Innate Abilities, Weirdness & Mutations

You do not eat or drink.
Your flesh is vulnerable to fire.
You are immune to poison.
Your flesh is cold resistant. (rC+)
You are immune to negative energy. (rN+++)
You are immune to unholy pain and torment.
You can survive without breathing.


Message History

Your rat bites the hobgoblin but does no damage.
The hobgoblin hits you.
Your rat disappears in a puff of smoke!
The hobgoblin hits you. The hobgoblin barely misses you.
The hobgoblin closely misses you. The hobgoblin hits you.
The hobgoblin hits you.
* * * LOW HITPOINT WARNING * * *
The hobgoblin hits you.
* * * LOW HITPOINT WARNING * * *
The hobgoblin hits you.
* * * LOW HITPOINT WARNING * * *
The hobgoblin barely misses you. The hobgoblin misses you.
The hobgoblin barely misses you.
The hobgoblin hits you but does no damage.
The hobgoblin misses you. The hobgoblin hits you.
You die...

##.......##
##.....##
##...##
##'## #.#
#.#
##.########
##..........
#g@...######
.......>...#
######.#.#.#
#.......
###.#.###
#.#.# #.#.#
#.#


You could see a hobgoblin.

Vanquished Creatures
  A goblin (D:1)
  4 bats
  A frilled lizard (D:1)
  A kobold (D:1)
  2 rats (D:1)
9 creatures vanquished.

Vanquished Creatures (collateral kills)
  A bat (D:1)
  A frilled lizard (D:1)
2 creatures vanquished.

Grand Total: 11 creatures vanquished

Notes
Turn   | Place    | Note
-------+----------+-------------------------------------------
     0 | D:1      | Manul the Mummy Wanderer began the quest for the Orb.
     0 | D:1      | Manul set off with: a wand of confusion (15/48), the Disquisition on Creation, a scroll of teleportation, a +0 robe, a +0 club
     0 | D:1      | Reached XP level 1. HP: 16/16 MP: 5/5
     0 | D:1      | Identified the Disquisition on Creation
     2 | D:1      | Learned a level 1 spell: Summon Small Mammal
   648 | D:1      | You fall through a shaft!
   685 | D:2      | Reached XP level 2. HP: 19/22 MP: 5/7
   718 | D:2      | Slain by a hobgoblin

Vault maps used:
D:1:      saegor_arrival_simple_f

Action                   || total
-------------------------++-------
Melee: Club              ||    30
 Cast: Summon Small Mamm ||     8
Armor: Robe              ||    19
Dodge: Dodged            ||    39
